 Dungeon Crawl Stone Soup version 0.25-a0-294-gea9b1ad378 (webtiles) character file.

Game seed: 9847717273035322200, levelgen mode: deterministic

29003 Faustar the Slinger (level 13, -1/92 HPs)
             Began as a Halfling Abyssal Knight on Dec 18, 2019.
             Was the Champion of Lugonu.
             Slain by a black mamba (12 damage)
             ... on level 2 of the Lair of Beasts.
             The game lasted 00:59:04 (26574 turns).

Faustar the Slinger (Halfling Abyssal Knight)      Turns: 26574, Time: 00:59:04

Health: -1/92      AC: 21    Str: 16    XL:     13   Next: 77%
Magic:  20/20      EV: 16    Int: 10    God:    Lugonu [******]
Gold:   1321       SH:  0    Dex: 16    Spells: 9/12 levels left

rFire    . . .     SeeInvis .   a - +2 dagger (venom)
rCold    . . .     Gourm    .   (shield restricted)
rNeg     . . .     Faith    .   n - +3 chain mail {MR+}
rPois    +         Spirit   .   O - +0 hat
rElec    .         Reflect  .   z - +1 cloak {MR+}
rCorr    .         Harm     .   (no gloves)
MR       ++...                  M - +0 pair of boots
Stlth    ..........             m - amulet of magic regeneration
HPRegen  0.25/turn              g - ring of poison resistance
MPRegen  0.42/turn              q - ring of stealth

@: studying Slings
A: small, antennae 1, icy blue scales 1, mutation resistance 1
a: Depart the Abyss, Bend Space, Banish, Corrupt, Enter the Abyss, Brand Weapon
With Distortion, Renounce Religion


You were on level 2 of the Lair of Beasts.
You worshipped Lugonu.
Lugonu was exalted by your worship.
You were not hungry.

You visited 4 branches of the dungeon, and saw 17 of its levels.
You visited the Abyss 1 time.

You collected 1340 gold pieces.
You spent 19 gold pieces at shops.

Inventory:

Hand Weapons
 a - a +2 dagger of venom (weapon)
 b - a +0 hunting sling
 o - a +2 short sword
Missiles
 r - 85 sling bullets
Armour
 d - a +0 shield
 i - a cursed +0 ring mail
 n - a +3 chain mail of magic resistance (worn)
 p - a +0 leather armour
 s - a +0 cloak
 y - a +0 troll leather armour
 z - a +1 cloak of magic resistance (worn)
 M - a +0 pair of boots (worn)
 O - a +0 hat (worn)
Jewellery
 g - a ring of poison resistance (left hand)
 h - an uncursed ring of wizardry
 j - an uncursed ring of resist corrosion
 m - an amulet of magic regeneration (around neck)
 q - a ring of stealth (right hand)
 x - an uncursed ring of magical power
Wands
 k - a wand of paralysis (9)
 l - a wand of random effects (12)
 w - a wand of clouds (5)
 A - a wand of enslavement (13)
 N - a wand of iceblast (4)
Scrolls
 e - 15 scrolls of identify
 f - 11 scrolls of teleportation
 u - 3 scrolls of remove curse
 D - 2 scrolls of amnesia
 G - 2 scrolls of enchant weapon
 H - 2 scrolls of enchant armour
 J - a scroll of magic mapping
 L - a scroll of noise {unknown}
Potions
 t - 3 potions of might
 v - a potion of resistance {unknown}
 C - 2 potions of heal wounds
 E - 4 potions of curing
 F - a potion of agility
 I - 2 potions of flight {unknown}
 K - 3 potions of brilliance
 P - a potion of haste {unknown}
 Q - a potion of invisibility {unknown}
 R - a potion of cancellation
Books
 B - a manual of Slings
Comestibles
 c - 22 rations
 S - 2 chunks of flesh


   Skills:
 - Level 10.0 Fighting
 - Level 9.4 Short Blades
 - Level 14.0 Slings
 + Level 11.2 Armour
 + Level 11.0 Dodging
 - Level 10.2 Invocations


You had 9 spell levels left.
You knew the following spells:

 Your Spells              Type           Power        Failure   Level  Hunger
a - Portal Projectile     Hex/Tloc       #.....       100%        3    ####...

Your spell library contained the following spells:

 Spells                   Type           Power        Failure   Level  Hunger
 Corona                   Hex            #......      98%         1    ##.....
 Ensorcelled Hibernation  Hex/Ice        #.....       99%         2    ###....
 Slow                     Hex            #.......     99%         2    ###....
 Confuse                  Hex            #.......     100%        3    ####...
 Dazzling Flash           Conj/Hex       #.....       100%        3    ####...
 Inner Flame              Hex/Fire       #.......     100%        3    ####...
 Tukima's Dance           Hex            #.......     100%        3    ####...
 Cause Fear               Hex            #.........   100%        4    #####..
 Leda's Liquefaction      Hex/Erth       #.........   100%        4    #####..


Dungeon Overview and Level Annotations

Branches:
Dungeon (11/15)            Temple (1/1) D:4            Lair (3/6) D:11
  Snake (0/4) Lair:2          Orc (2/2) D:9
  Swamp: Lair:2-4    Shoals: Lair:2-4       Elf: Orc:2

Altars:
Ashenzari
Fedhas
Gozag
Hepliaklqana
Okawaru
Trog
Vehumet

Shops:
D:4 *

Annotations:
D:1 1 runed translucent door
Orc:1 1 runed translucent door, Armakuni's ghost, journeyman HuAr


Innate Abilities, Weirdness & Mutations

You are small and have problems with some larger weapons.
You are somewhat resistant to further mutation.
You have a pair of small antennae on your head.
You are partially covered in icy blue scales. (AC +2)


Message History

The black mamba bites you but does no damage.
The black mamba closely misses you. The black mamba bites you.
* * * LOW HITPOINT WARNING * * *
The black mamba misses you. The black mamba closely misses you.
You barely miss the black mamba.
The black mamba is heavily wounded.
You closely miss the black mamba.
The black mamba is heavily wounded.
The black mamba misses you.
You barely miss the black mamba.
The black mamba is heavily wounded.
The black mamba bites you but does no damage.
The black mamba barely misses you.
The black mamba bites you but does no damage.
The black mamba bites you.
* * * LOW HITPOINT WARNING * * *
The black mamba bites you!
You die...

..#.......#.....#...>..#..####.##
.##......##.....#...........#...#
..#......#......##....##....##..#
.#..............#.....##....##.##
.......>.##.....##....##.#+..#.##
.#...............#....#.#...#..P#
#.#.......#.....##.............##
#........#.####S##.............#
.........###.#.#@#.............##
.......(.....[..................#
.....................[.........##
...............................#
...#.........[.....######.####.##
.###...######......P#.##.#####รท..
..##...#### ##...............#.##
.......P..####......P........#..#
.##.......).###.............#..##


You could see a black mamba.

Vanquished Creatures
  4 hydras
  Erolcha (D:9)
  An unseen horror (D:11)
  An orc knight (D:8)
  An orc sorcerer (Orc:1)
  A manticore (D:11)
  2 elephants (Lair:2)
  A black mamba (Lair:1)
  5 spiny frogs (Lair:2)
  A rime drake (Lair:2)
  5 komodo dragons
  A queen bee (Lair:2)
  5 trolls
  3 hornets (D:8)
  5 blink frogs (Lair:1)
  8 hippogriffs
  14 yaks
  A vampire (D:9)
  A basilisk (Lair:2)
  2 hungry ghosts
  2 wargs
  A soldier ant (D:8)
  5 nagas (Lair:2)
  5 water moccasins
  7 porcupines
  13 orc warriors
  4 ice beasts
  3 sky beasts
  5 phantoms
  3 black bears
  A necrophage (D:11)
  8 ogres
  10 wolves
  5 centaurs
  9 crocodiles
  3 big kobolds
  10 bullfrogs
  4 gnoll sergeants (D:9)
  5 scorpions
  37 killer bees
  6 howler monkeys
  4 wights
  6 crimson imps
  A bullfrog zombie (D:11)
  2 centaur zombies
  12 hounds
  2 jellies
  4 gnoll shamans (D:9)
  2 bullfrog skeletons
  14 orc priests
  Crazy Yiuf (D:7)
  Jessica (D:3)
  7 worker ants
  Terence (D:2)
  Natasha (D:3)
  3 iguanas
  14 orc wizards
  A hell rat (Lair:2)
  A hound skeleton (D:9)
  A worker ant zombie (D:5)
  21 gnolls (D:9)
  11 adders
  An ooze (D:5)
  An adder zombie (D:7)
  2 worms (D:3)
  A dart slug (D:1)
  3 leopard geckos
  68 orcs
  3 ball pythons
  3 giant cockroaches
  8 hobgoblins
  11 jackals
  17 kobolds
  2 quokkas
  9 bats
  4 frilled lizards
  7 goblins
  A jackal skeleton (D:7)
  A quokka skeleton (D:4)
  4 rats
  3 plants (D:11)
468 creatures vanquished.

Vanquished Creatures (collateral kills)
  A wraith (D:10)
  A killer bee (Lair:2)
  A centaur zombie (D:10)
  An orc priest (D:7)
  Natasha (twice) (D:3)
  An orc wizard (D:7)
  A goblin (D:3)
8 creatures vanquished.

Vanquished Creatures (others)
  An orc warrior (D:7)
  2 water moccasins (Lair:1)
  An orc (Orc:2)
  2 fungi (Lair:2)
  6 plants
12 creatures vanquished.

Grand Total: 488 creatures vanquished

Notes
Turn   | Place    | Note
-------+----------+-------------------------------------------
     0 | Abyss:1  | Faustar the Halfling Abyssal Knight began the quest for the
                  | Orb.
     0 | Abyss:1  | Reached XP level 1. HP: 15/15 MP: 2/2
     0 | D:1      | Escaped the Abyss
     6 | D:1      | Found a runed translucent door.
   435 | D:1      | Reached XP level 2. HP: 20/20 MP: 3/3
   910 | D:1      | Reached * piety under Lugonu
  1651 | D:2      | Reached XP level 3. HP: 26/26 MP: 4/4
  1809 | D:2      | Gained mutation: You are partially covered in icy blue
                  | scales. (AC +2) [potion of mutation]
  1809 | D:2      | Gained mutation: You have a pair of small antennae on your
                  | head. [potion of mutation]
  2245 | D:2      | Reached XP level 4. HP: 24/31 MP: 5/5
  2590 | D:2      | Noticed Terence
  2611 | D:2      | Killed Terence
  2737 | D:2      | Noticed an ogre
  2752 | D:2      | Killed an ogre
  2752 | D:2      | Reached skill level 5 in Short Blades
  2752 | D:2      | Reached XP level 5. HP: 35/37 MP: 6/6
  2797 | D:2      | Reached ** piety under Lugonu
  3011 | D:2      | Reached XP level 6. HP: 36/44 MP: 7/7
  3246 | D:3      | Noticed an ogre
  3268 | D:3      | Killed an ogre
  3354 | D:3      | Noticed Natasha
  3357 | D:3      | Killed Natasha
  3370 | D:3      | Noticed Natasha
  3383 | D:3      | Killed Natasha
  4121 | D:3      | Noticed Natasha
  4133 | D:3      | Killed Natasha
  4133 | D:3      | Reached skill level 5 in Fighting
  4133 | D:3      | Reached XP level 7. HP: 45/50 MP: 8/8
  4774 | D:3      | Noticed Jessica
  4779 | D:3      | Killed Jessica
  5703 | D:4      | Found a staircase to the Ecumenical Temple.
  5709 | D:4      | Reached skill level 2 in Slings
  5763 | D:4      | Reached skill level 3 in Slings
  5769 | Temple   | Entered the Ecumenical Temple
  6075 | D:4      | Reached skill level 4 in Slings
  6136 | D:4      | Reached skill level 5 in Slings
  6136 | D:4      | Reached XP level 8. HP: 39/56 MP: 9/9
  7001 | D:4      | Found Voymui's Assorted Antiques.
  7004 | D:4      | Bought a scroll labeled QUINTE BESIZ for 19 gold pieces
  7049 | D:5      | Entered Level 5 of the Dungeon
  7078 | D:5      | Found a shattered altar of Ashenzari.
  7283 | D:5      | Found a blossoming altar of Fedhas.
  7337 | D:5      | Reached *** piety under Lugonu
  7572 | D:5      | Reached XP level 9. HP: 63/63 MP: 10/10
  8910 | D:6      | Found a hazy altar of Hepliaklqana.
  9653 | D:7      | Reached **** piety under Lugonu
  9705 | D:7      | Noticed a hippogriff
  9713 | D:7      | Killed a hippogriff
 10172 | D:7      | Found a runed translucent door.
 10173 | D:7      | Noticed Crazy Yiuf
 10227 | D:7      | Killed Crazy Yiuf
 10325 | D:8      | Reached skill level 5 in Armour
 10370 | D:8      | Reached XP level 10. HP: 41/71 MP: 11/11
 10577 | D:8      | Reached skill level 5 in Dodging
 11079 | D:8      | Found an iron altar of Okawaru.
 11604 | D:8      | Reached skill level 6 in Slings
 11615 | D:8      | Reached skill level 7 in Slings
 11618 | D:8      | Paralysed by a hornet for 2 turns
 11627 | D:8      | Reached skill level 8 in Slings
 11629 | D:8      | Paralysed by a hornet for 1 turns
 11642 | D:8      | Reached skill level 9 in Slings
 12111 | D:8      | Reached skill level 10 in Slings
 12182 | D:9      | Reached skill level 11 in Slings
 12415 | D:9      | Found a staircase to the Orcish Mines.
 12588 | D:9      | Reached skill level 12 in Slings
 12644 | D:9      | Reached XP level 11. HP: 68/75 MP: 12/12
 12671 | D:9      | Reached ***** piety under Lugonu
 12675 | D:9      | Found a bloodstained altar of Trog.
 12679 | D:9      | Found an opulent altar of Gozag.
 12684 | D:9      | Found a radiant altar of Vehumet.
 12792 | D:9      | Reached skill level 13 in Slings
 13285 | D:9      | Reached skill level 14 in Slings
 13455 | D:9      | Noticed Erolcha
 13508 | D:9      | Killed Erolcha
 14231 | D:10     | Entered Level 10 of the Dungeon
 14641 | Orc:1    | Entered Level 1 of the Orcish Mines
 15385 | Orc:1    | Noticed an orc knight
 15453 | D:8      | Killed an orc knight
 16058 | Orc:1    | Found a runed translucent door.
 16063 | Orc:1    | Noticed Armakuni's ghost (journeyman HuAr)
 16148 | Orc:1    | Noticed an orc sorcerer
 16171 | Orc:1    | Killed an orc sorcerer
 17161 | Orc:2    | Entered Level 2 of the Orcish Mines
 17198 | Orc:2    | Reached XP level 12. HP: 69/87 MP: 13/13
 17244 | Orc:2    | Noticed a stone giant
 17251 | Orc:2    | HP: 1/87 [smoke demon/divine providence[an orc knight]
                  | (16)]
 18862 | D:11     | Reached skill level 5 in Invocations
 18908 | D:11     | Killed an unseen horror
 19728 | D:11     | Found a staircase to the Lair.
 19904 | Lair:1   | Entered Level 1 of the Lair of Beasts
 19999 | Lair:1   | Reached ****** piety under Lugonu
 21507 | Lair:1   | Noticed an eight-headed hydra
 21930 | D:11     | Killed an eight-headed hydra
 21930 | D:11     | Reached skill level 10 in Invocations
 22674 | Lair:2   | Noticed a seven-headed hydra
 22702 | Lair:1   | Reached skill level 10 in Fighting
 22798 | Lair:2   | Reached XP level 13. HP: 92/92 MP: 20/20
 23464 | Lair:2   | Killed a seven-headed hydra
 23890 | Lair:2   | Reached skill level 10 in Armour
 24428 | Lair:2   | Reached skill level 10 in Dodging
 24549 | Lair:2   | Noticed a six-headed hydra
 25257 | Lair:2   | Found a staircase to the Snake Pit.
 25471 | Lair:2   | Killed a six-headed hydra
 25706 | Lair:2   | Noticed a four-headed hydra
 25998 | Lair:2   | Killed a four-headed hydra
 26007 | Lair:2   | Learned a level 3 spell: Portal Projectile
 26574 | Lair:2   | Slain by a black mamba

Levels and vault maps discovered:
D:1:      dpeg_arrival_caged_fury, layout_basic, nrook_uturn
D:2:      layout_basic, uniq_terence
D:3:      layout_basic, kennysheep_small_spiral, uniq_jessica, uniq_natasha
D:4:      minmay_opposing_rooms, layout_basic, minmay_temple_entry_overgrown,
          serial_shops, nicolae_shop_behind_doors, first_ration
D:5:      layout_gridville, ashenzari_altar_1, fedhas_altar_1
D:6:      layout_rooms, kennysheep_little_box
D:7:      layout_rooms, uniq_crazy_yiuf_cottage
D:8:      layout_basic, marbit_many_paths, hangedman_pestilent_swarm,
          minmay_manual_mares
D:9:      layout_cave_pools, minmay_overflow_temple_star_quad, orc_0_dummy,
          serial_gnoll_camp, gnoll_camp_medium_01, gnoll_camp_mini_hut,
          gnoll_camp_mini_loothouse, gnoll_camp_mini_basic,
          gnoll_camp_huts_basic, gnoll_camp_mini_house, st_stairs_12,
          skrybe_limestone_x, uniq_erolcha
D:10:     wander_river, layout_gridville
D:11:     layout_gridville, david_lair_shrubbed
Temple:   compressed_dpeg_circular_temple
Lair:1:   layout_regular_city, minivault_19, lemuel_fruit_tree,
          grunt_megastairs_3, infiniplex_staircase_pool_2
Lair:2:   regret_index_wax_grids, layout_regular_city,
          minmay_snake_entry_guardpost_large
Lair:3:   layout_cave_shapes, elwin_shoals_entry_rooms,
          infiniplex_staircase_pool, lemuel_fruit_fields
Orc:1:    layout_caves, ebering_ghost_reflecting_pool, nicolae_orc_lava_room
Orc:2:    grunt_orc_community_town_hall, layout_diamond_mine,
          grunt_orc_community_big_house_2, grunt_orc_community_big_house_2,
          grunt_orc_community_house_1, grunt_orc_community_house_3,
          grunt_orc_community_house_3, grunt_orc_community_house_3,
          grunt_orc_community_house_1, basic_altar, serial_shops,
          nicolae_shop_trees

Skill      XL: |  1  2  3  4  5  6  7  8  9 10 11 12 13 |
---------------+----------------------------------------+-----
Fighting       | 3 4 5 6 7 9 10 | 10.0
Short Blades   | 3 5 6 8 9 |  9.4
Slings         | 5 12 14 | 14.0
Dodging        | 4 6 8 11 | 11.0
Armour         | 5 7 8 11 | 11.2
Invocations    | 10 | 10.2

Action                   |  1- 3 |  4- 6 |  7- 9 | 10-12 | 13-15 || total
-------------------------+-------+-------+-------+-------+-------++-------
Melee: Short sword       |   147 |   152 |   367 |    77 |       ||   743
       Dagger            |       |       |    55 |  1753 |   728 ||  2536
 Fire: Hunting sling     |       |       |   210 |    78 |    38 ||   326
Invok: Depart the Abyss  |     1 |       |       |       |       ||     1
       Banish            |       |       |       |       |     1 ||     1
Evoke: Wand              |       |     5 |     9 |    19 |     8 ||    41
       Sack of spiders   |       |     1 |       |     1 |       ||     2
  Use: Potion            |     3 |       |     4 |     2 |     1 ||    10
       Scroll            |       |       |     9 |     4 |       ||    13
 Stab: Sleeping          |     1 |       |     2 |       |       ||     3
       Distracted        |     1 |       |       |       |     1 ||     2
       Paralysed         |       |       |     4 |     1 |     4 ||     9
       Confused          |       |       |       |       |     2 ||     2
  Eat: Chunk             |     4 |     6 |    15 |    34 |     7 ||    66
       Ration            |       |       |     1 |     4 |     2 ||     7
Armor: Leather armour    |    38 |    41 |    75 |       |       ||   154
       Chain mail        |       |       |     7 |   663 |   231 ||   901
       Skin              |       |       |     1 |       |       ||     1
Dodge: Dodged            |   106 |   116 |   223 |   905 |   361 ||  1711

Table legend:
 A = Non-vault XP
 B = Vault XP
 C = Vault XP percentage of total XP
 D = Non-vault monster count
 E = Vault monster count
 F = Vault count percentage of total count
                 A         B        C        D         E       F
            +---------+---------+-------+---------+---------+-------
      Total |   29995 |   11438 |  27.6 |     362 |     113 |  23.8
            +---------+---------+-------+---------+---------+-------
        D:1 |      28 |       0 |   0.0 |      17 |       0 |   0.0
        D:2 |     199 |      36 |  15.3 |      32 |       1 |   3.0
        D:3 |     331 |      56 |  14.5 |      20 |       2 |   9.1
        D:4 |     258 |     454 |  63.8 |      13 |       8 |  38.1
        D:5 |     962 |       0 |   0.0 |      22 |       0 |   0.0
        D:6 |     378 |       0 |   0.0 |      17 |       0 |   0.0
        D:7 |     995 |      39 |   3.8 |      18 |       1 |   5.3
        D:8 |    2588 |    1232 |  32.3 |      28 |       6 |  17.6
        D:9 |    3126 |    2057 |  39.7 |      47 |      40 |  46.0
       D:10 |    1960 |       0 |   0.0 |      36 |       0 |   0.0
       D:11 |    3986 |     338 |   7.8 |      25 |       1 |   3.8
     Lair:1 |    5930 |     402 |   6.3 |      32 |       4 |  11.1
     Lair:2 |    6528 |    6824 |  51.1 |      19 |      50 |  72.5
     Lair:3 |     221 |       0 |   0.0 |       2 |       0 |   0.0
      Orc:1 |    2387 |       0 |   0.0 |      33 |       0 |   0.0
      Orc:2 |     118 |       0 |   0.0 |       1 |       0 |   0.0
            +---------+---------+-------+---------+---------+-------
